 Dungeon Crawl Stone Soup version 0.28-a0-48-gfd831c5874 (webtiles) character file.

Game seed: 8816976823847502374

115 siradein the Slasher (level 4, -1/33 HPs)
             Began as a Demonspawn Gladiator on July 30, 2021.
             Killed by nerve-wracking pain
             ... invoked by Grinder
              (8 damage)
             ... on level 2 of the Dungeon.
             The game lasted 00:05:21 (3261 turns).

siradein the Slasher (Demonspawn Gladiator)         Turns: 3261, Time: 00:05:21

Health: -1/33      AC:  6    Str: 14    XL:     4   Next: 68%
Magic:  4/4        EV: 11    Int:  9    God:
Gold:   72         SH:  7    Dex: 16    Spells: 3/3 levels left

rFire   . . .      SeeInvis +   a - +0 long sword
rCold   . . .      Faith    .   p - +0 buckler
rNeg    . . .      Spirit   .   b - +0 leather armour
rPois   .          Reflect  .   c - +0 helmet
rElec   .          Harm     .   (no cloak)
rCorr   .          Rampage  .   (no gloves)
Will    .....                   (no boots)
Stlth   +.........              (no amulet)
HPRegen 0.11/turn               g - ring of see invisible
MPRegen 0.09/turn               (no ring)

@: no status effects
A: yellow scales 1, condensation shield
a: no special abilities


You were on level 2 of the Dungeon.
You visited 1 branch of the dungeon, and saw 3 of its levels.

You collected 72 gold pieces.

Inventory:

Hand Weapons
 a - a +0 long sword (weapon)
Missiles
 d - 3 throwing nets (quivered)
 j - 6 silver javelins
 l - 4 silver boomerangs
Armour
 b - a +0 leather armour (worn)
 c - a +0 helmet (worn)
 p - a +0 buckler (worn)
Jewellery
 g - a ring of see invisible (left hand)
Scrolls
 f - 3 scrolls of identify {unknown}
 i - a scroll of magic mapping {unknown}
 k - a scroll of fog {unknown}
 m - a scroll of enchant weapon {unknown}
 o - a scroll of fear {unknown}
Potions
 e - a potion of invisibility {unknown}
 h - 2 potions of curing {unknown}
 n - a potion of heal wounds {unknown}


   Skills:
 - Level 2.0 Fighting
 + Level 5.0 Long Blades
 - Level 1.7 Throwing
 - Level 2.6 Dodging


You had 3 spell levels left.
You didn't know any spells.
Your spell library contained the following spells:

 Spells                   Type           Power      Damage    Failure   Level
 Magic Dart               Conj           0%         1d3       65%         1
 Sandblast                Erth           0%         2d4       65%         1
 Call Imp                 Summ           0%         N/A       78%         2
 Passwall                 Tmut/Erth      0%         N/A       78%         2
 Mephitic Cloud           Conj/Pois/Air  0%         N/A       95%         3
 Lee's Rapid Deconstruct  Erth           0%         3d5*      100%        5


Dungeon Overview and Level Annotations

Branches:
Dungeon (3/15)

Altars:
Okawaru

Annotations:
D:2 Grinder


Innate Abilities, Weirdness & Mutations

You are partially covered in yellow scales. (AC +2)
A meltable shield of frost defends you. (SH +4)


Message History

Level annotation: Grinder
There is a stone staircase leading up here.
You climb upwards.
There is a stone staircase leading down, spattered with blood here.
You climb downwards.
Level annotation: Grinder
There is a stone staircase leading up here.
Grinder blinks!
You climb upwards.
There is a stone staircase leading down, spattered with blood here.
You climb downwards.
Level annotation: Grinder
There is a stone staircase leading up here.
You climb upwards.
There is a stone staircase leading down, spattered with blood here.
You climb downwards.
Level annotation: Grinder Grinder gestures at you.
You suddenly lose the ability to move!
Grinder gestures at you.
You shrug off the repeated paralysis!
Grinder hits you.
You writhe in agony.
Grinder gestures at you. You resist with significant effort. Grinder hits you.
You writhe in agony.
Grinder hits you.
You can move again.
There is a stone staircase leading up, spattered with blood here.
Grinder hits you!
* * * LOW HITPOINT WARNING * * *
You writhe in agony.
* * * LOW HITPOINT WARNING * * *
You climb upwards.
There is a stone staircase leading down, spattered with blood here.
Grinder says, "You look like you could use a good racking."
Grinder blinks!
You closely miss Grinder. Grinder gestures at you.
Pain shoots through your body!
You die...

#......##...#........#...........
#......##...###.............#####
#......##...# #.............#####
#......##...# #######...._.......
#########.>.# #........####
..........†.#########............
########...........###..###...###
.............§..........# ##..#..
.........#......@5.###.#####..#.#
.........#....................#..
.........#....)..........####....
##########.......##....[.# #....
##########......# #.... #......#
#.... #......# #.... #......#
#.... ######## #....


You could see Grinder.

Vanquished Creatures
  Jessica (D:2)
  5 adders (D:2)
  A dart slug (D:1)
  8 bats
  3 giant cockroaches
  3 goblins
  7 hobgoblins
  2 jackals (D:1)
  2 kobolds
  3 ball pythons
  2 frilled lizards
  5 rats
42 creatures vanquished.

Notes
Turn   | Place    | Note
-------+----------+-------------------------------------------
     0 | D:1      | siradein the Demonspawn Gladiator began the quest for the
                  | Orb.
     0 | D:1      | Reached XP level 1. HP: 16/16 MP: 1/1
    79 | D:1      | Reached skill level 3 in Long Blades
   212 | D:1      | Gained mutation: You are partially covered in yellow
                  | scales. (AC +2) [demonic ancestry]
   212 | D:1      | Reached XP level 2. HP: 17/22 MP: 2/2
   351 | D:1      | You fall into a shaft and drop 1 floor!
   369 | D:2      | HP: 1/22 [poisoned by an adder]
  1086 | D:2      | Found an iron altar of Okawaru.
  1149 | D:2      | Noticed Jessica
  1159 | D:2      | Killed Jessica
  1160 | D:2      | Reached skill level 4 in Long Blades
  1160 | D:2      | Gained mutation: A meltable shield of frost defends you.
                  | (SH +4) [demonic ancestry]
  1160 | D:2      | Reached XP level 3. HP: 22/27 MP: 3/3
  1367 | D:2      | Found a faded altar of an unknown god.
  1577 | D:2      | Reached XP level 4. HP: 33/33 MP: 4/4
  3028 | D:3      | Noticed Grinder
  3100 | D:2      | Reached skill level 5 in Long Blades
  3246 | D:3      | Paralysed by Grinder for 7 turns
  3261 | D:2      | Killed from afar by Grinder

Illustrated notes

Levels and vault maps discovered:
D:1:      dpeg_arrival_prison, layout_basic, minmay_domino_4
D:2:      layout_basic, dreamdust_ecumenical_altar_angels_and_demons,
          basic_altar, uniq_jessica
D:3:      layout_rooms, kennysheep_generic_room_10, uniq_grinder, uniq_robin

Skill      XL: |  1  2  3  4 |
---------------+-------------+-----
Long Blades    | 3 4 5 |  5.0
Fighting       | |  2.0
Throwing       | |  1.7
Dodging        | |  2.6

Action                   |  1- 3 |  4- 6 || total
-------------------------+-------+-------++-------
Melee: Long sword        |    73 |    56 ||   129
 Stab: Sleeping          |     1 |     1 ||     2
Armor: Leather armour    |    29 |    19 ||    48
Dodge: Dodged            |    50 |    31 ||    81
Block: Other             |     5 |     3 ||     8
       Buckler           |       |     9 ||     9
       Rpst.: Long sword |    18 |    10 ||    28

Table legend: (Time is in decaauts)
 A = Elapsed time spent in this place.
 B = Non-inter-level travel time spent in this place.
 C = Inter-level travel time spent in this place.
 D = Time resting spent in this place.
 E = Time spent auto-exploring this place.
 F = Levels seen in this place.
 G = Mean time per level.
                   A        B        C        D        E       F      G
               +--------+--------+--------+--------+--------+-----+--------+
         Total |   3296 |   3172 |    124 |    711 |   1895 |   3 | 1098.7 |
       Dungeon |   3296 |   3172 |    124 |    711 |   1895 |   3 | 1098.7 |
               +--------+--------+--------+--------+--------+-----+--------+

Top non-repeatable levels by time:
     D:2: 2238 daAuts
     D:1: 1027 daAuts
     D:3: 29 daAuts
